 Dungeon Crawl Stone Soup version 0.18.1-8-gdd0e5ea (webtiles) character file.

606 Chiseanne the Skirmisher (level 7, -1/39 HPs)
             Began as a Vine Stalker Monk on May 22, 2016.
             Was a Believer of Makhleb.
             Slain by a sky beast (4 damage)
             ... on level 3 of the Dungeon.
             The game lasted 00:07:37 (3307 turns).

Chiseanne the Skirmisher (Vine Stalker Monk)        Turns: 3307, Time: 00:07:37

Health: -1/39      AC:  3    Str: 16      XL:     7   Next: 42%
Magic:  0/9        EV: 24    Int:  7 (10) God:    Makhleb [**....]
Gold:   262        SH:  0    Dex: 19 (21) Spells: 0 memorised, 6 levels left

rFire  . . .     SeeInvis .       - Unarmed
rCold  . . .     Gourm    .     n - +0 leather armour
rNeg   . . .     Faith    .     (no shield)
rPois  +         Spirit   +     (no helmet)
rElec  .         Dismiss  .     (no cloak)
rCorr  .         Reflect  .     (no gloves)
SustAt .         Harm     .     (no boots)
MR     .....                    (no amulet)
Stlth  +++.......               o - +4 ring of evasion
                                x - ring of poison resistance

@: agile, not resistant to hostile enchantments, fairly stealthy
A: fangs 2, regeneration 2, magic shield, antimagic bite, no device heal 3, rot
immunity
a: Minor Destruction, Renounce Religion


You were on level 3 of the Dungeon.
You worshipped Makhleb.
Makhleb was pleased with you.
You were not hungry.

You visited 2 branches of the dungeon, and saw 5 of its levels.

You collected 262 gold pieces.

Inventory:

Hand Weapons
 s - a +0 hand axe
Missiles
 c - 72 stones (quivered)
 d - 85 bolts
 g - 42 sling bullets
 i - 16 arrows
 m - 8 tomahawks of dispersal
 r - 17 poisoned needles
Armour
 n - a +0 leather armour (worn)
Jewellery
 a - an uncursed ring of ice
 o - a +4 ring of evasion (right hand)
 x - a ring of poison resistance (left hand)
Wands
 u - a wand of teleportation (6/9)
Scrolls
 f - a scroll of teleportation
 l - a scroll of remove curse
 p - 3 scrolls of identify
 t - a scroll of enchant weapon
Potions
 e - 3 potions of agility
 q - a potion of might {unknown}
Books
 y - a book of Transfigurations

   Spells                             Type                      Level
   a - Irradiate                      Conjuration/Transmutation    5
   b - Statue Form                    Transmutation/Earth          6
   c - Hydra Form                     Transmutation                6
   d - Dragon Form                    Transmutation                7
Comestibles
 b - 3 bread rations
 h - 7 fruits


   Skills:
 * Level 5.0 Fighting
 * Level 2.2 Axes
 - Level 0.1 Armour
 * Level 4.8 Dodging
 - Level 2.4 Stealth
 - Level 4.0 Unarmed Combat
 * Level 2.0 Invocations


You had 6 spell levels left.
You didn't know any spells.

Dungeon Overview and Level Annotations

Branches:
Dungeon (4/15)             Temple (1/1) D:4

Altars:
Ashenzari
Dithmenos
Makhleb
Nemelex Xobeh
Qazlal
Ru
Sif Muna
Trog
Vehumet
Xom
Yredelemnul
The Shining One


Innate Abilities, Weirdness & Mutations

You have extremely sharp teeth.
You heal very quickly.
When hurt, damage is shared between your health and your magic reserves.
Your bite disrupts and absorbs the magic of your enemies.
Potions and wands cannot restore your health.
You are immune to rotting.


Message History

There is an escape hatch in the ceiling here.
The worker ant misses you. Something hits you. Something shocks you.
* * * LOW HITPOINT WARNING * * *
A mysterious force pulls you upwards. The hatch slams shut behind you.
An adder comes into view.
You hit something. Your bite misses something. The worker ant bites you.
* * * LOW HITPOINT WARNING * * *
Read which item? (? for menu, Esc to quit)
Okay, then.
Drink which item? (? for menu, Esc to quit)
You feel agile all of a sudden. Something barely misses you.
The worker ant closely misses you.
There are monsters nearby!
You hit the worker ant but do no damage.
You bite the worker ant, but do no damage.
The worker ant is lightly wounded.
Something hits you.
* * * LOW HITPOINT WARNING * * *
Something shocks you.
You die...

......)..........#### #
..>.................# #
##.#####..##........###### ####
#.# ##.##.............# #... #.#
#..#.###.........# #... #.#
##.#.# #.........# #... #.# #.#.#
#.######### #... ##.# #...# #a#
#... ...##### ##..# #@# #...
#......####..###.#############)..
#...#...........S................
#..#_#.####..###.##########......
#...#............# #.###.#
#......####..###.# #.# #.#
.........###.# #.# #.# #.#
#.#........#.###.# #.# #.#
#.#...†....#..##.# #.# #.#


You could see a worker ant and an adder.

Vanquished Creatures
  Menkaure (D:4)
  A phantom (D:4)
  An ogre (D:4)
  An orc priest (D:3)
  2 orc wizards
  4 gnolls (D:3)
  8 adders
  A shadow imp (D:4)
  An adder skeleton (D:4)
  3 worms
  3 dart slugs
  3 giant geckos
  7 orcs
  2 ball pythons
  3 giant cockroaches
  10 goblins
  10 hobgoblins
  12 jackals
  4 kobolds
  A quokka (D:3)
  10 bats
  5 giant newts
  A jackal skeleton (D:4)
  A quokka skeleton (D:4)
  4 rats
99 creatures vanquished.

Notes
Turn   | Place    | Note
--------------------------------------------------------------
     0 | D:1      | Chiseanne the Vine Stalker Monk began the quest for the Orb.
     0 | D:1      | Reached XP level 1. HP: 11/11 MP: 2/2
    39 | D:1      | Reached XP level 2. HP: 16/16 MP: 3/3
    82 | D:1      | Reached skill level 3 in Fighting
   403 | D:1      | Reached XP level 3. HP: 20/20 MP: 4/4
   895 | D:2      | Reached XP level 4. HP: 24/24 MP: 5/5
  1530 | D:3      | Reached XP level 5. HP: 27/29 MP: 6/6
  1533 | D:3      | Reached skill level 4 in Fighting
  1934 | D:3      | Found a faded altar to an unknown god.
  2063 | D:3      | Gained mutation: You heal very quickly. [Vine Stalker growth]
  2063 | D:3      | Reached XP level 6. HP: 32/34 MP: 4/7
  2194 | D:3      | Found a sacrificial altar of Ru.
  2412 | D:3      | Gained mutation: You are clumsy. (Dex -2) [potion of mutation]
  2412 | D:3      | Gained mutation: You are resistant to hostile enchantments. [potion of mutation]
  2413 | D:3      | Lost mutation: You are resistant to hostile enchantments. [potion of cure mutation]
  2413 | D:3      | Lost mutation: You are clumsy. (Dex -2) [potion of cure mutation]
  2468 | D:4      | Found a staircase to the Ecumenical Temple.
  2493 | Temple   | Entered the Ecumenical Temple
  2646 | Temple   | Became a worshipper of Makhleb the Destroyer
  2646 | Temple   | Reached * piety under Makhleb
  2646 | Temple   | Reached ** piety under Makhleb
  2699 | D:4      | Reached skill level 1 in Axes
  2711 | D:4      | Noticed a phantom
  2741 | D:4      | Killed a phantom
  2741 | D:4      | Reached skill level 1 in Invocations
  2781 | D:4      | Noticed Menkaure
  2789 | D:4      | Killed Menkaure
  2789 | D:4      | Reached XP level 7. HP: 29/38 MP: 6/9
  2802 | D:4      | Found a radiant altar of Vehumet.
  2899 | D:4      | Reached skill level 5 in Fighting
  2959 | D:4      | Found a shadowy altar of Dithmenos.
  2996 | D:4      | Found a shattered altar of Ashenzari.
  3307 | D:3      | Slain by a sky beast

Skill      XL: |  1  2  3  4  5  6  7 |
---------------+----------------------+-----
Fighting       | 3 4 5 |  5.0
Dodging        | 3 4 |  4.8
Axes           | 2 |  2.2
Invocations    | 1 2 |  2.0
Armour         | |  0.1
Stealth        | |  2.4
Unarmed Combat | |  4.0

Action                   |  1- 3 |  4- 6 |  7- 9 || total
-------------------------+-------+-------+-------++-------
Melee: Unarmed           |    97 |   198 |   114 ||   409
       Bite              |    19 |    51 |    33 ||   103
       Punch             |     1 |     3 |     1 ||     5
  Use: Scroll            |     7 |     1 |     2 ||    10
       Potion            |       |     6 |     1 ||     7
 Stab: Sleeping          |     9 |     4 |     1 ||    14
       Distracted        |     1 |       |       ||     1
  Eat: Chunk             |       |     7 |     2 ||     9
Armor: Robe              |    15 |       |       ||    15
       Leather armour    |     5 |    41 |    26 ||    72
Dodge: Dodged            |    70 |   157 |   140 ||   367
